[ AOE2 MATCH · #474925240 ]
UnrankedMaya vs Magyars
Player's team · LOSS
[ REPLAY ANALYSIS · EXTRACTED FROM THE RECORDED GAME ]
Feudal
—
Castle
—
Imperial
—
| APM avg | 40.2 |
| APM peak | 59 |
| eAPM avg | 11.8 |
| Villagers / military | 6 / 0 |
Focus
⚔️ 7.4% · 🌾 92.6%
Feudal
—
Castle
—
Imperial
—
| APM avg | 0.3 |
| APM peak | 1 |
| eAPM avg | 0.3 |
| Villagers / military | 0 / 0 |
Feudal
—
Castle
—
Imperial
—
| APM avg | 30.0 |
| APM peak | 59 |
| eAPM avg | 6.7 |
| Villagers / military | 6 / 0 |
Focus
⚔️ 0.0% · 🌾 100.0%
Feudal
—
Castle
—
Imperial
—
| APM avg | 46.3 |
| APM peak | 88 |
| eAPM avg | 5.7 |
| Villagers / military | 4 / 0 |
Focus
⚔️ 12.5% · 🌾 87.5%
Feudal
—
Castle
—
Imperial
—
| APM avg | 18.8 |
| APM peak | 32 |
| eAPM avg | 7.0 |
| Villagers / military | 5 / 0 |
Focus
⚔️ 26.7% · 🌾 73.3%
Feudal
—
Castle
—
Imperial
—
| APM avg | 50.1 |
| APM peak | 85 |
| eAPM avg | 6.1 |
| Villagers / military | 4 / 0 |
Focus
⚔️ 16.7% · 🌾 83.3%
Feudal
—
Castle
—
Imperial
—
| APM avg | 53.6 |
| APM peak | 65 |
| eAPM avg | 12.8 |
| Villagers / military | 9 / 0 |
Focus
⚔️ 8.6% · 🌾 91.4%
Feudal
—
Castle
—
Imperial
—
| APM avg | 56.2 |
| APM peak | 63 |
| eAPM avg | 13.7 |
| Villagers / military | 5 / 0 |
Focus
⚔️ 23.5% · 🌾 76.5%
Match map
Initial resources + every placement click. Lines = walls · curves = elevation contours. ◆ gold · ⬟ stone · ● berries · ✦ relic · ◌ wall gap
Your base
Fudgel's base
GAX | Soldado_Medeiros's base
SentinelChroner's base
SirT_Gabasco's base
Wolfang's base
LBr_XiquinhoBR's base
zFenix095z's base
Smoothed initial terrain · ◌ = detected wall gap · hover for details
Inputs per minute
— GAX | LorD - - Fudgel
Build order — GAX | LorD
8 actions detected in the replay
| 0:08 | Build | Town Center |
| 1:14 | Create | Villager (Male) |
| 1:14 | Create | Villager (Male) |
| 1:15 | Create | Villager (Male) |
| 1:22 | Build | Lumber Camp |
| 2:22 | Create | Villager (Male) |
| 2:50 | Create | Villager (Male) |
| 2:50 | Create | Villager (Male) |
Build order — Fudgel
0 actions detected in the replay
Build order — GAX | Soldado_Medeiros
8 actions detected in the replay
| 0:03 | Build | Town Center |
| 1:04 | Create | Villager (Male) |
| 1:05 | Create | Villager (Male) |
| 1:05 | Create | Villager (Male) |
| 1:05 | Create | Villager (Male) |
| 1:05 | Create | Villager (Male) |
| 1:35 | Build | Mill |
| 1:51 | Create | Villager (Male) |
Build order — SentinelChroner
6 actions detected in the replay
| 0:03 | Build | Town Center |
| 0:41 | Build | Mill |
| 1:09 | Create | Villager (Male) |
| 1:09 | Create | Villager (Male) |
| 1:09 | Create | Villager (Male) |
| 1:10 | Create | Villager (Male) |
Build order — SirT_Gabasco
6 actions detected in the replay
| 0:24 | Build | Town Center |
| 1:26 | Create | Villager (Male) |
| 1:27 | Create | Villager (Male) |
| 1:27 | Create | Villager (Male) |
| 1:49 | Create | Villager (Male) |
| 1:49 | Create | Villager (Male) |
Build order — Wolfang
6 actions detected in the replay
| 0:05 | Build | Town Center |
| 1:08 | Create | Villager (Male) |
| 1:13 | Create | Villager (Male) |
| 1:22 | Create | Villager (Male) |
| 1:46 | Create | Villager (Male) |
| 1:50 | Build | Lumber Camp |
Build order — LBr_XiquinhoBR
11 actions detected in the replay
| 0:09 | Build | Town Center |
| 1:14 | Create | Villager (Male) |
| 1:14 | Create | Villager (Male) |
| 1:14 | Create | Villager (Male) |
| 1:14 | Create | Villager (Male) |
| 1:14 | Create | Villager (Male) |
| 1:56 | Create | Villager (Male) |
| 1:56 | Create | Villager (Male) |
| 1:57 | Create | Villager (Male) |
| 2:10 | Build | Lumber Camp |
| 2:23 | Create | Villager (Male) |
Build order — zFenix095z
6 actions detected in the replay
| 0:28 | Build | Town Center |
| 1:31 | Create | Villager (Male) |
| 1:54 | Create | Villager (Male) |
| 2:00 | Create | Villager (Male) |
| 2:24 | Create | Villager (Male) |
| 2:40 | Create | Villager (Male) |
Match timeline
| 0:01 | Fudgel · resign |
[ AI ANALYSIS · 1 CREDIT ]
What really happened in this match?
Wolo.gg analyzes every decision: build order, eco, micro, common mistakes by bracket. Personalized analysis on WhatsApp or Discord in 30 seconds.
Civ guide
Maya
Perfil
Jugador #2746110